 Dungeon Crawl Stone Soup version 0.29-a0-219-g0a02b1cf4f (webtiles) character file.

Game seed: 14686770509842795869

16496 Angani the Quickloader (level 12, -1/106 HPs)
             Began as a Black Draconian Hunter on Feb 22, 2022.
             Was an Initiate of Uskayaw.
             Slain by an orc knight
             ... wielding a +0 dire flail
              (28 damage)
             ... on level 1 of the Orcish Mines on Feb 25, 2022.
             The game lasted 00:30:23 (18234 turns).

Angani the Quickloader (Black Draconian Hunter)    Turns: 18234, Time: 00:30:23

Health: -1/106     AC: 14    Str: 19 (22) XL:     12   Next: 10%
Magic:  14/19      EV: 15    Int: 10 (11) God:    Uskayaw [......]
Gold:   979        SH:  0    Dex: 13 (14) Spells: 11/11 levels left

rFire   . . .      SeeInvis +   j - +3 hand crossbow
rCold   . . .      Faith    +   (no shield)
rNeg    . . .      Spirit   .   (body armour unavailable)
rPois   .          Reflect  .   (helmet restricted)
rElec   +          Harm     .   v - scarf {shadows}
rCorr   .          Rampage  +   z - +2 pair of gloves
Will    +....      Clarity  +   B - +2 pair of boots "Goga" {Rampage Dex-2 SInv Stlth+}
Stlth   +++.......              t - amulet of faith
HPRegen 0.27/turn               c - ring of willpower
MPRegen 0.16/turn               m - +6 ring of strength

@: short of breath
A: breathe lightning, AC +8, unfitting armour, electricity resistance,
cold-blooded, clarity, dopey 1, strong 1
a: Breathe Lightning, Renounce Religion


You were on level 1 of the Orcish Mines.
You worshipped Uskayaw.
Uskayaw was aware of your devotion.
You visited 4 branches of the dungeon, and saw 14 of its levels.

You collected 1324 gold pieces.
You spent 345 gold pieces at shops.

Inventory:

Hand Weapons
 j - a +3 hand crossbow (weapon)
Armour
 v - a scarf of shadows (worn)
 z - a +2 pair of gloves (worn)
 B - the +2 pair of boots "Goga" (worn) {Rampage Dex-2 SInv Stlth+}
   (You found it on level 8 of the Dungeon)

   Dex:       It affects your dexterity (-2).
   SInv:      It lets you see invisible.
   Rampage:   It bestows one free step when moving towards enemies.
   Stlth:     It makes you more stealthy.
Jewellery
 c - a ring of willpower (left hand)
 m - a +6 ring of strength (right hand)
 t - an amulet of faith (around neck)
 C - an amulet of the acrobat
Wands
 a - a wand of digging (4)
 n - a wand of polymorph (13)
 y - a wand of acid (8)
 E - a wand of flame (5)
Scrolls
 b - a scroll of teleportation
 f - 3 scrolls of magic mapping
 l - 2 scrolls of fog
 o - 4 scrolls of immolation
 r - a scroll of torment
 D - a scroll of enchant weapon
Potions
 d - a potion of curing
 e - a potion of cancellation
 g - 3 potions of flight
 h - 2 potions of lignification
 i - 2 potions of magic
 u - a potion of resistance
 w - a potion of attraction


   Skills:
 - Level 10.3 Fighting
 - Level 11.0 Crossbows
 + Level 8.7 Dodging
 + Level 3.7 Stealth
 - Level 10.3 Invocations
 + Level 1.4 Evocations


You had 11 spell levels left.
You didn't know any spells.
Your spell library contained the following spells:

 Spells                   Type           Power      Damage    Failure   Level
 Apportation              Tloc           0%         N/A       36%         1
 Magic Dart               Conj           0%         1d3       36%         1
 Sandblast                Erth           0%         2d4       36%         1
 Slow                     Hex            0%         N/A       36%         1
 Blink                    Tloc           0%         N/A       50%         2
 Ensorcelled Hibernation  Hex/Ice        0%         N/A       50%         2
 Passwall                 Tmut/Erth      0%         N/A       50%         2
 Static Discharge         Conj/Air       0%         N/A       50%         2
 Call Canine Familiar     Summ           0%         N/A       75%         3
 Confusing Touch          Hex            0%         N/A       75%         3
 Dazzling Flash           Conj/Hex       0%         N/A       75%         3
 Frozen Ramparts          Ice            0%         1d2       75%         3
 Lesser Beckoning         Tloc           0%         N/A       75%         3
 Portal Projectile        Hex/Tloc       0%         N/A       75%         3
 Stone Arrow              Conj/Erth      0%         3d7       75%         3
 Swiftness                Air            0%         N/A       75%         3
 Vampiric Draining        Necr           0%         2d6       75%         3
 Ice Form                 Ice/Tmut       0%         N/A       98%         4
 Iskenderun's Mystic Bla  Conj/Tloc      0%         2d3       98%         4
 Leda's Liquefaction      Hex/Erth       0%         N/A       98%         4
 Passage of Golubria      Tloc           0%         N/A       98%         4
 Summon Ice Beast         Ice/Summ       0%         N/A       98%         4
 Agony                    Necr           0%         N/A       100%        5
 Alistair's Intoxication  Tmut/Pois      0%         N/A       100%        5
 Freezing Cloud           Conj/Ice/Air   0%         6-21      100%        5
 Iskenderun's Battlesphe  Conj           0%         2d6       100%        5
 Lightning Bolt           Conj/Air       0%         1d11      100%        5
 Manifold Assault         Tloc           0%         N/A       100%        5
 Silence                  Hex/Air        0%         N/A       100%        5
 Malign Gateway           Summ/Tloc      0%         N/A       100%        7
 Lehudib's Crystal Spear  Conj/Erth      0%         10d2      100%        8
 Maxwell's Capacitive Co  Air            0%         ∞         100%        8
 Summon Horrible Things   Summ           0%         N/A       100%        8


Dungeon Overview and Level Annotations

Branches:
Dungeon (10/15)            Temple (1/1) D:5            Lair (1/6) D:9
    Orc (2/2) D:10            Elf (0/3) Orc:2

Altars:
Ashenzari
Cheibriados
Dithmenos
Elyvilon
Fedhas
Gozag
Hepliaklqana
Kikubaaqudgha
Makhleb
Nemelex Xobeh
Okawaru
Qazlal
Ru
Sif Muna
Trog
Uskayaw
Vehumet
Wu Jian
Xom
Yredelemnul
Zin
The Shining One
Beogh

Shops:
D:10 *

Annotations:
D:5 3 runed translucent doors, Flippered's ghost, novice DrTm
Orc:2 exclusion: oklob plant


Innate Abilities, Weirdness & Mutations

You can breathe wild blasts of lightning.
Your glossy black scales are hard. (AC +8)
You cannot fit into any form of body armour.
You are resistant to electric shocks. (rElec)
You are cold-blooded and may be slowed by cold attacks.
You possess an exceptional clarity of mind.
You are dopey. (Int -2)
Your muscles are strong. (Str +2)


Message History

Unknown command.
Unknown command.
Unknown command.
Unknown command.
Unknown command.
Unknown command.
You stomp with the beat, sending a shockwave through the revellers around you!
The orc knight is severely wounded.
You can no longer stomp with the beat.
The orc knight barely misses you.
You can now stomp with the beat.
You stomp with the beat, sending a shockwave through the revellers around you!
The orc knight is almost dead.
You can no longer stomp with the beat.
The orc knight hits you with a +0 dire flail.
Okay, then.
Unknown command.
Shoot: j) +3 hand crossbow
Press: ? - help, Shift-Dir - straight line, f - orc knight
Aim: an orc knight, wielding a +0 dire flail and wearing a +0 plate armour (almost dead, 71% to hit)
You shoot a bolt. The bolt hits the orc knight.
The orc knight is almost dead.
The orc knight hits you with a +0 dire flail!!
* * * LOW HITPOINT WARNING * * *
Unknown command.
Shoot: j) +3 hand crossbow
Press: ? - help, Shift-Dir - straight line, f/p - orc knight
Aim: an orc knight, wielding a +0 dire flail and wearing a +0 plate armour (almost dead, 71% to hit)
You shoot a bolt.
The bolt hits the orc knight but does no damage.
The orc knight is almost dead.
The orc knight closely misses you.
Unknown command.
The orc knight barely misses you.
Shoot: j) +3 hand crossbow
Press: ? - help, Shift-Dir - straight line, f/p - orc knight
Aim: an orc knight, wielding a +0 dire flail and wearing a +0 plate armour (almost dead, 71% to hit)
You shoot a bolt. The bolt barely misses the orc knight.
The orc knight hits you with a +0 dire flail!!
You die...

############ ########
##..#..##.#.####..#.#.## ###
#............##........# ##.##
##............#.....#.##
#...####....................##
###...##.......@o...........##
##..#.#....................###
#...........................#
##..........................##
..##.................>.......#
................#.........#.##
..##...............[......###
......#..#.........(......#.## ##
.....#.............#.........###.


You could see an orc knight.

Vanquished Creatures
  3 hydras
  2 orc knights (Orc:2)
  2 orc sorcerers
  2 cyclopes (Orc:1)
  An unseen horror (D:8)
  3 trolls
  2 dream sheep (D:10)
  A wyvern (D:6)
  15 yaks
  4 steam dragons
  Menkaure (D:6)
  2 acid dragons
  4 wargs
  3 water moccasins
  An ice beast (D:7)
  3 black bears
  12 orc warriors
  2 necrophages
  11 ogres
  6 centaurs
  7 kobold brigands
  A phantom (D:5)
  5 bullfrogs
  A scorpion (D:6)
  19 killer bees
  10 wights
  5 jellies
  3 hounds
  30 orc priests
  2 iguanas (D:4)
  17 orc wizards
  A hound zombie (D:3)
  4 gnolls (D:3)
  3 adders
  2 white imps (D:6)
  An ufetubus (D:6)
  2 worms
  3 dart slugs
  68 orcs
  5 ball pythons
  9 bats
  3 giant cockroaches
  5 goblins
  3 hobgoblins
  3 jackals (D:1)
  A quokka (D:4)
  2 frilled lizards
  23 kobolds
  13 rats
331 creatures vanquished.

Vanquished Creatures (others)
  A shadow imp (D:7)
  8 fungi (D:6)
  7 plants
16 creatures vanquished.

Grand Total: 347 creatures vanquished

Notes
Turn   | Place    | Note
-------+----------+-------------------------------------------
     0 | D:1      | Angani the Draconian Hunter began the quest for the Orb.
     0 | D:1      | Reached XP level 1. HP: 17/17 MP: 1/1
   127 | D:1      | Reached skill level 4 in Crossbows
   137 | D:1      | Reached XP level 2. HP: 24/24 MP: 2/2
   271 | D:1      | Reached XP level 3. HP: 29/29 MP: 3/3
   707 | D:2      | Found a blossoming altar of Fedhas.
   824 | D:2      | Reached skill level 5 in Crossbows
   824 | D:2      | Reached XP level 4. HP: 22/36 MP: 4/4
  1037 | D:2      | Found a faded altar of an unknown god.
  1664 | D:3      | Got the Collected Works on Dislocated Combat Magic
  1718 | D:3      | Reached XP level 5. HP: 41/41 MP: 5/5
  1806 | D:3      | Reached skill level 6 in Crossbows
  2267 | D:4      | Reached XP level 6. HP: 25/48 MP: 6/6
  2509 | D:4      | Upgraded the game from 0.29-a0-197-ge3fb4bd5a4 to
                  | 0.29-a0-219-g0a02b1cf4f
  2562 | D:4      | Reached skill level 7 in Crossbows
  2968 | D:5      | Entered Level 5 of the Dungeon
  3057 | D:5      | Your scales start taking on a glossy black colour.
  3057 | D:5      | Reached XP level 7. HP: 55/55 MP: 7/7
  3057 | D:5      | Gained mutation: You are resistant to electric shocks.
                  | (rElec) [Black Draconian growth]
  3236 | D:5      | Found a runed translucent gate.
  3236 | D:5      | Found a runed translucent gate.
  3236 | D:5      | Found a runed translucent gate.
  3236 | D:5      | Found an opulent altar of Gozag.
  3236 | D:5      | Found a staircase to the Ecumenical Temple.
  3237 | D:5      | Noticed a wyvern
  3245 | Temple   | Entered the Ecumenical Temple
  3507 | Temple   | Became a worshipper of Uskayaw the Reveller
  3654 | D:5      | Reached * piety under Uskayaw
  3665 | D:5      | Reached ** piety under Uskayaw
  3666 | D:5      | Reached skill level 8 in Crossbows
  3666 | D:5      | Reached skill level 1 in Invocations
  3926 | D:5      | Noticed Flippered's ghost (novice DrTm)
  4100 | D:6      | Reached *** piety under Uskayaw
  4811 | D:6      | Reached XP level 8. HP: 40/61 MP: 9/11
  4817 | D:6      | Reached **** piety under Uskayaw
  5173 | D:6      | Reached skill level 9 in Crossbows
  5210 | D:6      | Reached skill level 5 in Invocations
  5288 | D:6      | Gained mutation: You are weak. (Str -2) [potion of
                  | mutation]
  5342 | D:6      | Reached ***** piety under Uskayaw
  6954 | D:7      | Reached XP level 9. HP: 47/67 MP: 14/14
  6958 | D:6      | Reached skill level 10 in Crossbows
  8361 | D:7      | Noticed Menkaure
  8394 | D:6      | Killed Menkaure
  9166 | D:8      | Lost mutation: You are weak. (Str -2) [potion of mutation]
  9166 | D:8      | Gained mutation: You are dopey. (Int -2) [potion of
                  | mutation]
  9166 | D:8      | Gained mutation: You possess an exceptional clarity of
                  | mind. [potion of mutation]
  9166 | D:8      | Gained mutation: Your muscles are strong. (Str +2) [potion
                  | of mutation]
  9482 | D:8      | Reached skill level 5 in Fighting
  9796 | D:8      | Reached XP level 10. HP: 45/81 MP: 16/16
 10521 | D:8      | Identified the +2 pair of boots "Goga" {Rampage Dex-2 SInv
                  | Stlth+}
 10567 | D:8      | Reached skill level 5 in Dodging
 11981 | D:9      | Noticed a five-headed hydra
 11994 | D:9      | Killed a five-headed hydra
 11995 | D:9      | Reached skill level 10 in Invocations
 12322 | D:9      | Noticed a seven-headed hydra
 12803 | D:9      | Reached XP level 11. HP: 69/94 MP: 18/18
 12911 | D:9      | Found a staircase to the Lair.
 12956 | D:9      | Killed a seven-headed hydra
 13868 | Lair:1   | Entered Level 1 of the Lair of Beasts
 13883 | D:10     | Entered Level 10 of the Dungeon
 14095 | D:10     | Found a staircase to the Orcish Mines.
 14151 | D:10     | Found Cosaox's Assorted Antiques.
 14159 | D:10     | Bought a scroll of identify for 48 gold pieces
 14159 | D:10     | Bought a metallic green potion for 21 gold pieces
 14159 | D:10     | Bought a jewelled silver wand for 96 gold pieces
 14160 | D:10     | Bought a scroll of enchant weapon for 180 gold pieces
 14378 | D:10     | Found an iron altar of Okawaru.
 15008 | D:10     | Noticed a three-headed hydra
 15027 | D:10     | Killed a three-headed hydra
 15557 | Orc:1    | Entered Level 1 of the Orcish Mines
 15749 | Orc:2    | Entered Level 2 of the Orcish Mines
 15749 | Orc:2    | Found a staircase to the Elven Halls.
 15833 | Orc:2    | Reached ****** piety under Uskayaw
 15839 | Orc:2    | Reached skill level 11 in Crossbows
 16001 | Orc:2    | Reached skill level 1 in Stealth
 16438 | Orc:2    | Noticed an orc knight
 16461 | Orc:2    | Killed an orc knight
 16463 | Orc:2    | Noticed an orc knight
 16464 | Orc:2    | Reached skill level 10 in Fighting
 16464 | Orc:2    | Noticed an orc sorcerer
 16469 | Orc:2    | Killed an orc sorcerer
 16469 | Orc:2    | Noticed an orc knight
 16470 | Orc:2    | Killed an orc knight
 16766 | Orc:1    | Reached XP level 12. HP: 106/106 MP: 9/19
 16932 | Orc:1    | Reached skill level 1 in Evocations
 17107 | Orc:1    | You fall into a shaft and drop 1 floor!
 17108 | Orc:2    | Noticed an orc high priest
 17131 | Orc:2    | HP: 3/106 [orc priest/divine providence (11)]
 17683 | Orc:2    | Found a burning altar of Makhleb.
 18234 | Orc:1    | Slain by an orc knight

Illustrated notes

Levels and vault maps discovered:
D:1:      amcnicky_arrival_choice, layout_basic, hangedman_feature_mirror,
          minmay_statues_item
D:2:      layout_loops_corners, basic_altar,
          shapermc_ecumenical_altar_notcrosses
D:3:      layout_basic, kennysheep_orc_chapel
D:4:      layout_loops_ring
D:5:      layout_rooms, minmay_temple_entry_drinking_statues,
          ebering_ghost_gozag, minivault_19
D:6:      layout_basic, serial_aquarium, aquarium_bridge_long_joined
          [aquarium_subvault_wall, aquarium_subvault_balcony,
          aquarium_subvault_wall, aquarium_subvault_bridge,
          aquarium_subvault_balcony, aquarium_subvault_balcony],
          aquarium_window_fake, aquarium_window_1, aquarium_view_2a,
          aquarium_pool_1, minmay_starry_boxes
D:7:      layout_cave_pools, minmay_chambers_of_fives, uniq_menkaure
D:8:      layout_basic, kennysheep_kite_vault
D:9:      layout_loops_ring, erik_lair_orcish_takeover, minivault_20
D:10:     layout_loops_ring, okawaru_ov_weapons_minmay, serial_shops, shop,
          grunt_decor_mini_mirrors, hangedman_ranch
Temple:   mainiacjoe_temple_hex_bubbles
Lair:1:   layout_misc_corridors, uniq_maggie
Orc:1:    layout_caves, basic_altar
Orc:2:    st_orc_pillars, layout_caves, basic_altar, mines3_lemuel

Skill      XL: |  1  2  3  4  5  6  7  8  9 10 11 12 |
---------------+-------------------------------------+-----
Crossbows      | 4 5 6 7 8 9 10 11 | 11.0
Invocations    | 4 6 8 10 | 10.3
Dodging        | 4 6 8 |  8.7
Fighting       | 5 8 10 | 10.3
Stealth        | 3 |  3.7
Evocations     | 1 |  1.4

Action                   |  1- 3 |  4- 6 |  7- 9 | 10-12 || total
-------------------------+-------+-------+-------+-------++-------
Melee: Hand crossbow     |       |       |     1 |       ||     1
 Fire: Hand crossbow     |    87 |   122 |   390 |   688 ||  1287
Invok: Stomp             |       |       |     1 |    33 ||    34
       Grand Finale      |       |       |       |     2 ||     2
       Line Pass         |       |       |       |     2 ||     2
 Abil: Breathe Lightning |       |       |    25 |    21 ||    46
Evoke: Wand              |       |       |    11 |    18 ||    29
  Use: Scroll            |       |       |    13 |    11 ||    24
       Potion            |       |       |     3 |    12 ||    15
Armor: Skin              |     7 |     3 |   131 |   149 ||   290
Dodge: Dodged            |    15 |    22 |   183 |   356 ||   576

Table legend: (Time is in decaauts)
 A = Elapsed time spent in this place.
 B = Non-inter-level travel time spent in this place.
 C = Inter-level travel time spent in this place.
 D = Time resting spent in this place.
 E = Time spent auto-exploring this place.
 F = Levels seen in this place.
 G = Mean time per level.
                   A        B        C        D        E       F      G
               +--------+--------+--------+--------+--------+-----+--------+
         Total |  18329 |  17558 |    771 |   7903 |   6560 |  14 | 1309.2 |
       Dungeon |  15349 |  14717 |    632 |   6476 |   5864 |  10 | 1534.9 |
        Temple |    291 |    230 |     61 |      0 |    225 |   1 |  291.0 |
          Lair |      1 |      1 |      0 |      0 |      0 |   1 |    1.0 |
  Orcish Mines |   2686 |   2608 |     78 |   1427 |    471 |   2 | 1343.0 |
               +--------+--------+--------+--------+--------+-----+--------+

Top non-repeatable levels by time:
     D:6: 2633 daAuts
     D:7: 2312 daAuts
     D:8: 2175 daAuts
     D:9: 1904 daAuts
    D:10: 1675 daAuts
     D:5: 1491 daAuts
   Orc:1: 1363 daAuts
   Orc:2: 1322 daAuts
     D:2: 1079 daAuts
     D:4: 961 daAuts
     D:1: 575 daAuts
     D:3: 540 daAuts
  Temple: 291 daAuts
  Lair:1: 1 daAuts
